cohdb
Replays
Latest Replays
All Replays
Popular Replays
Top Player Replays
Match Explorer
How It Works
Community
CoH3 Stats
Reddit
Sign in to upload your games and track your stats! →
Sign in with Steam
Match 39929969
Unlisted
Match 39929969
Overview
Messages
Build Orders
End
Construct Weapon Support Center
Engineer Squad
Selects Heavy Weapons
M1919 Machine Gun Team
Engineer Squad
M1919 Machine Gun Team
Air Support Center
M3 Armored Personnel Carrier
P-47 Strafing Run
Selects Assault Carriers
Selects Exchangeable Parts
Grasshopper Recon Run
Double Sortie
M3 Assault Carrier
Engineer Squad
P-47 Strafing Run
P-47 Dive Bomb
Grasshopper Recon Run
Engineer Squad
M3 Assault Carrier
Selects M2HB .50cal Heavy Machine Gun
P-47 Strafing Run
P-47 Strafing Run
Improved Aircraft Armor
Grasshopper Recon Run
Construct Tank Depot
P-47 Strafing Run
Selects Gallant Stand
P-47 Strafing Run
Grasshopper Recon Run
P-47 Dive Bomb
M4(105) Sherman Bulldozer
Chronicle
cannotseethis
KingLiA
HAO亮哥
SchnellSchuh5000
sGz Pandora
PIGEONS ARE FBI DRONES
Bananenratte
0
0
Comments
sign in to comment!
No comments posted yet!